 Dungeon Crawl Stone Soup version 0.18-a0-1677-g2bdad6c (webtiles) character file.

793 Kidiri the Magician (level 7, -8/36 HPs)
             Began as a Deep Elf Fire Elementalist on Apr 2, 2016.
             Mangled by Duvessa
             ... wielding a +0 short sword
              (13 damage)
             ... on level 5 of the Dungeon.
             The game lasted 00:29:21 (6255 turns).

Kidiri the Magician (Deep Elf Fire Elementalist)    Turns: 6255, Time: 00:29:22

Health: -8/36      AC:  3    Str:  5    XL:     7   Next: 57%
Magic:  20/28      EV: 14    Int: 25    God:
Gold:   230        SH:  0    Dex: 15    Spells: 6 memorised, 2 levels left

rFire  . . .     SeeInvis .     f - +0 dagger
rCold  . . .     Gourm    .     a - +0 robe
rNeg   . . .     Faith    .     (no shield)
rPois  .         Spirit   .     (no helmet)
rElec  .         Dismiss  +     (no cloak)
rCorr  .         Reflect  .     (no gloves)
SustAt .         Harm     .     p - +0 pair of boots
MR     .....                    g - amulet of dismissal
Stlth  ++........               s - +3 ring of intelligence
                                q - ring of magical power

@: hasted, very quick, not resistant to hostile enchantments, unstealthy
A: no striking features
a: no special abilities


You were on level 5 of the Dungeon.
You were not hungry.

You visited 1 branch of the dungeon, and saw 5 of its levels.
You also visited: Sewer.

You collected 230 gold pieces.

Inventory:

Hand Weapons
 f - a +0 dagger (weapon)
Armour
 a - a +0 robe (worn)
 p - a +0 pair of boots (worn)
Jewellery
 g - an amulet of dismissal (around neck)
 o - an uncursed ring of protection from cold
 q - a ring of magical power (left hand)
 s - a +3 ring of intelligence (right hand)
 t - a +3 ring of protection
Scrolls
 c - 3 scrolls of identify
Potions
 d - a potion of ambrosia {unknown}
 h - 2 potions of agility {unknown}
 i - a potion of lignification
 k - a potion of cancellation
 n - a potion of cure mutation {unknown}
Books
 b - a book of Flames

   Spells                             Type                      Level
   a - Flame Tongue                   Conjuration/Fire             1
   b - Throw Flame                    Conjuration/Fire             2
   c - Conjure Flame                  Conjuration/Fire             3
   d - Inner Flame                    Hexes/Fire                   3
   e - Sticky Flame                   Conjuration/Fire             4
   f - Fireball                       Conjuration/Fire             5
Comestibles
 j - 4 meat rations
 m - 2 chunks of flesh


   Skills:
 + Level 4.7 Dodging
 - Level 2.4 Stealth
 * Level 7.2 Spellcasting
 + Level 3.5 Conjurations
 + Level 4.0 Hexes
 + Level 5.1 Fire Magic


You had 2 spell levels left.
You knew the following spells:

 Your Spells              Type           Power        Failure   Level  Hunger
a - Flame Tongue          Conj/Fire      ####.        1%          1    None
b - Throw Flame           Conj/Fire      ####..       1%          2    None
c - Conjure Flame         Conj/Fire      ####....     3%          3    None
d - Inner Flame           Hex/Fire       ####....     3%          3    None
e - Sticky Flame          Conj/Fire      ####....     12%         4    ###....
f - Fireball              Conj/Fire      ####......   34%         5    #####..


Dungeon Overview and Level Annotations

Branches:
Dungeon (5/15)
 Temple: D:4-7

Altars:
Ashenzari

Shops:
D:4 (

Annotations:
D:3 Sigmund
D:5 Duvessa


Message History

Unknown command.
Drink which item? (? for menu, Esc to quit)
It was a potion of curing.
You feel better. Duvessa hits you but does no damage.
Duvessa hits you with a short sword!
* * * LOW HITPOINT WARNING * * *
Drink which item? (? for menu, Esc to quit)
You feel better. Duvessa hits you with a short sword.
* * * LOW HITPOINT WARNING * * *
Unknown command.
Drink which item? (? for menu, Esc to quit)
Okay, then.
Drink which item? (? for menu, Esc to quit)
You feel better. Duvessa hits you with a short sword!
* * * LOW HITPOINT WARNING * * *
Duvessa hits you with a short sword.
* * * LOW HITPOINT WARNING * * *
Unknown command.
Drink which item? (? for menu, Esc to quit)
You feel yourself speed up. Duvessa hits you with a short sword!
You die...

# ###### .. ###....###
... #.+....'.. ....
#.#....### .....
###.....##
....§g########.....#..###
....§§§e@.........(......
+#..§§########.#......###
#### ########.##########
...................
############..##...
########


You could see Duvessa (berserk) and a gnoll sergeant.

Vanquished Creatures
  Grinder (D:5)
  A giant frog (Sewer)
  Dowan (D:5)
  A water moccasin skeleton (D:4)
  A scorpion (D:5)
  A howler monkey (D:4)
  An iguana (D:4)
  A worker ant (D:4)
  7 gnolls
  9 adders
  A river rat (D:4)
  2 oozes (D:2)
  3 worms
  2 dart slugs
  3 giant geckos (Sewer)
  9 orcs
  5 ball pythons
  10 giant cockroaches
  9 goblins
  6 hobgoblins
  11 jackals
  A quokka (D:4)
  7 bats
  9 giant newts
  5 kobolds
  11 rats
118 creatures vanquished.

Notes
Turn   | Place    | Note
--------------------------------------------------------------
     0 | D:1      | Kidiri the Deep Elf Fire Elementalist began the quest for the Orb.
     0 | D:1      | Reached XP level 1. HP: 10/10 MP: 6/6
   380 | D:1      | Reached XP level 2. HP: 14/15 MP: 6/8
   384 | D:1      | Learned a level 2 spell: Throw Flame
   976 | D:2      | Reached XP level 3. HP: 19/19 MP: 6/10
   983 | D:1      | Learned a level 3 spell: Conjure Flame
   987 | D:1      | Learned a level 3 spell: Inner Flame
  1119 | D:2      | Reached skill level 4 in Spellcasting
  2057 | D:2      | Reached skill level 1 in Hexes
  2057 | D:2      | Reached XP level 4. HP: 17/24 MP: 1/12
  2741 | D:3      | Noticed Sigmund
  4111 | D:4      | Reached XP level 5. HP: 28/28 MP: 12/14
  4117 | D:4      | Learned a level 4 spell: Sticky Flame
  4128 | D:4      | Reached skill level 5 in Spellcasting
  4182 | D:4      | Found Wemmocan's Weapon Shoppe.
  4295 | D:4      | Found a glowing drain.
  4396 | Sewer    | Entered a sewer
  4851 | Sewer    | Reached XP level 6. HP: 32/32 MP: 11/16
  5494 | D:4      | Found a shattered altar of Ashenzari.
  5499 | D:4      | Reached skill level 6 in Spellcasting
  5879 | D:5      | Entered Level 5 of the Dungeon
  5982 | D:5      | Learned a level 5 spell: Fireball
  5995 | D:5      | Noticed Grinder
  5995 | D:5      | Paralysed by Grinder for 4 turns
  6007 | D:5      | Paralysed by Grinder for 3 turns
  6012 | D:5      | Killed Grinder
  6012 | D:5      | Reached skill level 7 in Spellcasting
  6012 | D:5      | Reached XP level 7. HP: 22/36 MP: 11/19
  6240 | D:5      | Noticed Duvessa
  6240 | D:5      | Noticed Dowan
  6248 | D:5      | Reached skill level 5 in Fire Magic
  6248 | D:5      | Killed Dowan
  6255 | D:5      | Mangled by Duvessa

Vault maps used:
D:1:      eino_arrival_druids_welcome, hangedman_decor_growths,
          dk_noncrumbling_4
D:2:      kennysheep_pointless_box
D:3:      uniq_sigmund
D:4:      ashenzari_conservatory_becter, serial_shops, shop,
          portal_sewer_entry_b
D:5:      minitemple, first_bread, uniq_duvessa, uniq_grinder
Sewer:    sewer_frog_island_01

Skill      XL: |  1  2  3  4  5  6  7 |
---------------+----------------------+-----
Spellcasting   | 4 5 7 |  7.2
Dodging        | 3 4 |  4.7
Conjurations   | 2 3 |  3.5
Hexes          | 1 2 3 4 |  4.0
Fire Magic     | 4 5 |  5.1
Stealth        | |  2.4

Action                   |  1- 3 |  4- 6 |  7- 9 || total
-------------------------+-------+-------+-------++-------
Melee: Dagger            |    23 |    15 |       ||    38
 Cast: Flame Tongue      |    54 |    82 |     9 ||   145
       Throw Flame       |    14 |    38 |       ||    52
       Conjure Flame     |       |     5 |     1 ||     6
       Inner Flame       |       |     1 |     1 ||     2
       Sticky Flame      |       |     3 |       ||     3
  Use: Scroll            |     5 |     6 |       ||    11
       Potion            |     1 |       |     4 ||     5
 Stab: Sleeping          |     2 |       |       ||     2
  Eat: Chunk             |     4 |     6 |     1 ||    11
       Bread ration      |       |     1 |       ||     1
       Beef jerky        |       |     1 |       ||     1
